 Dungeon Crawl Stone Soup version 0.22.1-6-g1668fe2 (webtiles) character file.

263 Kairos the Chopper (level 6, 0/32 HPs)
             Began as a Vine Stalker Fighter on Jan 30, 2019.
             Succumbed to a worker ant's poison
             ... on level 4 of the Dungeon.
             The game lasted 00:02:54 (2485 turns).

Kairos the Chopper (Vine Stalker Fighter)           Turns: 2485, Time: 00:02:54

Health: 0/32       AC: 10    Str: 25    XL:     6   Next: 19%
Magic:  7/7        EV:  6    Int:  8    God:
Gold:   222        SH: 10    Dex: 14    Spells: 5/5 levels left

rFire    . . .     SeeInvis .   a - +0 war axe
rCold    . . .     Gourm    .   c - +0 shield
rNeg     . . .     Faith    .   l - +1 chain mail
rPois    .         Spirit   +   (no helmet)
rElec    .         Reflect  .   (no cloak)
rCorr    .         Harm     .   (no gloves)
MR       +....                  (no boots)
Stlth    ..........             (no amulet)
HPRegen  0.50/turn              q - +5 ring of strength
MPRegen  0.10/turn              p - ring of protection from magic

@: lethally poisoned (0 -> -3)
A: fangs 2, regeneration 1, magic shield, antimagic bite, no potion heal 3, rot
immunity
a: no special abilities


You were on level 4 of the Dungeon.
You were very hungry.

You visited 1 branch of the dungeon, and saw 4 of its levels.

You collected 222 gold pieces.

Inventory:

Hand Weapons
 a - a +0 war axe (weapon)
Armour
 b - a +0 scale mail
 c - a +0 shield (worn)
 l - a +1 chain mail (worn)
Jewellery
 o - an uncursed ring of fire
 p - a ring of protection from magic (right hand)
 q - a +5 ring of strength (left hand)
Wands
 n - a wand of flame (25)
Scrolls
 e - 3 scrolls of teleportation
 g - a scroll of blinking {unknown}
 i - 3 scrolls of identify {unknown}
 j - a scroll of fog {unknown}
 k - a scroll of immolation {unknown}
 m - 2 scrolls of fear
Potions
 d - a potion of might
 h - 2 potions of haste
Comestibles
 f - 6 rations


   Skills:
 + Level 3.4 Fighting
 + Level 3.6 Axes
 + Level 3.5 Armour
 + Level 0.2 Dodging
 + Level 0.3 Stealth
 + Level 3.5 Shields


You had 5 spell levels left.
You didn't know any spells.
Your spell library was empty.

Dungeon Overview and Level Annotations

Branches:
Dungeon (4/15)
 Temple: D:4-7

Altars:
Ashenzari
Sif Muna
Wu Jian
The Shining One

Annotations:
D:4 3 runed doors, Vno's ghost, amateur DrCj


Innate Abilities, Weirdness & Mutations

You have extremely sharp teeth.
Your natural rate of healing is unusually fast.
When hurt, damage is shared between your health and your magic reserves.
Your bite disrupts and absorbs the magic of your enemies.
Potions cannot restore your health.
You are immune to rotting.


Message History

You are lethally poisoned!
The worker ant poisons you!
You slash the worker ant!
The worker ant is almost dead.
* * * LOW HITPOINT WARNING * * *
You feel sick.
The worker ant bites you but does no damage.
The worker ant closely misses you.
You hit the worker ant. You bite the worker ant.
You kill the worker ant!
You feel your strength returning.
* * * LOW HITPOINT WARNING * * *
You feel sick.
* * * LOW HITPOINT WARNING * * *
You feel sick.
You see here a worker ant corpse.
Okay, then.
* * * LOW HITPOINT WARNING * * *
You feel sick.
You die...

##........# #
#.........##
..#..........#.
#..............
#..........#
#.........# #......#
#..##### #@## ###
#.# ##.###.#
##########....#.#
##.......#.......#
.................##
#+++###...........##
....5W#............#
.....5#............#


There were no monsters in sight!

Vanquished Creatures
  A centaur skeleton (D:2)
  Terence (D:2)
  5 worker ants (D:4)
  3 adders
  4 oozes
  3 dart slugs
  4 leopard geckos
  A ball python (D:3)
  3 bats (D:2)
  3 goblins
  6 hobgoblins
  2 jackals (D:3)
  2 kobolds
  A quokka (D:4)
  2 frilled lizards
  A quokka skeleton (D:4)
  4 rats
46 creatures vanquished.

Notes
Turn   | Place    | Note
-------+----------+-------------------------------------------
     0 | D:1      | Kairos the Vine Stalker Fighter began the quest for the
                  | Orb.
     0 | D:1      | Reached XP level 1. HP: 11/11 MP: 2/2
     6 | D:1      | Noticed a soldier ant
     6 | D:1      | Noticed a tyrant leech
     6 | D:1      | Noticed a komodo dragon
     7 | D:1      | Noticed a fire giant
   117 | D:1      | Reached XP level 2. HP: 16/16 MP: 3/3
   737 | D:2      | Reached XP level 3. HP: 6/20 MP: 4/4
   763 | D:2      | HP: 1/20 [poisoned by an adder]
  1363 | D:2      | Found an ornate altar of the Wu Jian Council.
  1507 | D:2      | Noticed Terence
  1520 | D:2      | Killed Terence
  1520 | D:2      | Gained mutation: Your natural rate of healing is unusually
                  | fast. [Vine Stalker growth]
  1520 | D:2      | Reached XP level 4. HP: 15/24 MP: 3/5
  1853 | D:3      | Found a glowing golden altar of the Shining One.
  1949 | D:3      | Reached XP level 5. HP: 28/28 MP: 6/6
  1958 | D:3      | Found a deep blue altar of Sif Muna.
  2276 | D:4      | Found a shattered altar of Ashenzari.
  2441 | D:4      | Found a runed gate.
  2442 | D:4      | Found a runed gate.
  2442 | D:4      | Noticed Vno's ghost (amateur DrCj)
  2443 | D:4      | Found a runed gate.
  2479 | D:4      | Reached XP level 6. HP: 8/32 MP: 4/7
  2483 | D:4      | HP: 1/32 [poisoned by a worker ant]
  2485 | D:4      | Succumbed to a worker ant's poison

Skill      XL: |  1  2  3  4  5 |
---------------+----------------+-----
Shields        | 3 |  3.5
Fighting       | 3 |  3.4
Axes           | 2 3 |  3.6
Armour         | 3 |  3.5
Dodging        | |  0.2
Stealth        | |  0.3

Action                   |  1- 3 |  4- 6 || total
-------------------------+-------+-------++-------
Melee: War axe           |    63 |    72 ||   135
       Bite              |    19 |    19 ||    38
  Use: Potion            |     4 |       ||     4
       Scroll            |     2 |     2 ||     4
  Eat: Chunk             |     1 |     3 ||     4
Armor: Scale mail        |    31 |     4 ||    35
       Chain mail        |       |    30 ||    30
Dodge: Dodged            |    27 |    13 ||    40
Block: Shield            |    34 |    47 ||    81
